 Dungeon Sprint DCSS version 0.16-a0-3246-g12054e0 (webtiles) character file.

6731 BluebellGnoll the Frost Mage (level 11, -15/68 HPs)
             Began as a Merfolk Ice Elementalist on Dec 21, 2014.
             Was the Champion of Sif Muna.
             Demolished by an orc knight
             ... wielding a +0 dire flail
              (22 damage)
             ... in the Dungeon (Sprint IX: "|||||||||||||||||||||||||||||") on Dec 22, 2014.
             The game lasted 00:33:36 (3191 turns).

BluebellGnoll the Frost Mage (MfIE)                 Turns: 3191, Time: 00:33:37

Health: -15/68     AC: 10    Str: 11    XL:     11   Next: 4%
Magic:  3/30       EV: 18    Int: 18    God:    Sif Muna [******]
Gold:   1277       SH:  0    Dex: 15    Spells: 9 memorised, 1 level left

rFire  . . .     SeeInvis .     n - +2 halberd (protect)
rCold  + . .     Clarity  .     a - +0 robe
rNeg   . . .     SustAb   .     (no shield)
rPois  .         Gourm    .     (no helmet)
rElec  .         Spirit   .     p - +0 cloak
rCorr  .         Warding  .     j - +0 pair of gloves
rMut   .         NoTele   +     E - +0 pair of boots
MR     .....                    (no amulet)
Stlth  ++........               B - ring of protection from cold
                                q - +3 ring of strength

@: not resistant to hostile enchantments, unstealthy
A: change form in water, swift swim
a: Channel Energy, Forget Spell, Renounce Religion


You were in the Dungeon.
You worshipped Sif Muna.
Sif Muna was exalted by your worship.
You were very hungry.

You visited 1 branch You collected 1277 gold pieces.

Inventory:

Hand weapons
 n - a +2 halberd of protection (weapon)
 o - a +2 rapier of venom
 F - a +4 rapier of electrocution
Missiles
 v - 3 tomahawks (quivered)
 A - 7 tomahawks of returning
Armour
 a - a +0 robe (worn)
 j - a +0 pair of gloves (worn)
 p - a +0 cloak (worn)
 E - a +0 pair of boots (worn)
Jewellery
 q - a +3 ring of strength (left hand)
 B - a ring of protection from cold (right hand)
Magical devices
 m - a wand of fire (4)
Scrolls
 i - 2 scrolls of blinking
 k - 4 scrolls of remove curse
 l - 2 scrolls of amnesia
 x - 2 scrolls of identify
 y - a scroll of fear
 z - 2 scrolls of enchant weapon
Potions
 d - a potion of invisibility
 e - 11 potions of heal wounds
 f - 5 potions of curing
 g - 4 potions of magic
 h - a potion of berserk rage
Books
 b - a book of Frost

   Spells                             Type                      Level
   a - Freeze                         Ice                          1
   b - Throw Frost                    Conjuration/Ice              2
   c - Ozocubu's Armour               Charms/Ice                   3
   d - Throw Icicle                   Conjuration/Ice              4
   e - Summon Ice Beast               Ice/Summoning                4
   f - Condensation Shield            Ice                          4
 c - a book of Beasts

   Spells                             Type                      Level
   a - Summon Butterflies             Summoning                    1
   b - Call Canine Familiar           Summoning                    3
   c - Summon Ice Beast               Ice/Summoning                4
   d - Summon Mana Viper              Hexes/Summoning              5
   e - Monstrous Menagerie            Summoning                    6
   f - Summon Hydra                   Summoning                    7
 s - Sif Muna's Handbook of Confrontation
   (Sif Muna gifted it to you in the Dungeon)

   Spells                             Type                      Level
   a - Shock                          Conjuration/Air              1
   b - Throw Frost                    Conjuration/Ice              2
   c - Stone Arrow                    Conjuration/Earth            3
   d - Force Lance                    Conjuration/Translocation    4
   e - Throw Icicle                   Conjuration/Ice              4
   f - Poisonous Cloud                Conjuration/Poison/Air       6
 t - Sif Muna's Easy Wizardry
   (Sif Muna gifted it to you in the Dungeon)

   Spells                             Type                      Level
   a - Static Discharge               Conjuration/Air              3
   b - Spectral Weapon                Hexes/Charms                 3
   c - Vampiric Draining              Necromancy                   3
   d - Teleport Other                 Translocation                3
   e - Passwall                       Transmutation/Earth          3
 u - a book of Dreams

   Spells                             Type                      Level
   a - Ensorcelled Hibernation        Hexes/Ice                    2
   b - Flight                         Charms/Air                   3
   c - Phase Shift                    Translocation                5
   d - Shadow Creatures               Summoning                    5
   e - Mass Confusion                 Hexes                        6
   f - Darkness                       Hexes                        7
 w - a book of Death

   Spells                             Type                      Level
   a - Corpse Rot                     Necromancy                   2
   b - Sublimation of Blood           Necromancy                   2
   c - Agony                          Necromancy                   5
   d - Dispel Undead                  Necromancy                   5
   e - Excruciating Wounds            Charms/Necromancy            5
   f - Bolt of Draining               Conjuration/Necromancy       5
 G - a book of Necromancy

   Spells                             Type                      Level
   a - Pain                           Necromancy                   1
   b - Animate Skeleton               Necromancy                   1
   c - Vampiric Draining              Necromancy                   3
   d - Regeneration                   Charms/Necromancy            3
   e - Animate Dead                   Necromancy                   4
   f - Control Undead                 Necromancy                   4
 I - Sif Muna's Reference Book on Harmful Snow
   (Sif Muna gifted it to you in the Dungeon)

   Spells                             Type                      Level
   a - Freeze                         Ice                          1
   b - Bolt of Cold                   Conjuration/Ice              6
   c - Freezing Cloud                 Conjuration/Ice/Air          6
   d - Ozocubu's Refrigeration        Ice                          6
Comestibles
 r - 40 fruits
 C - 12 bread rations
 D - 12 meat rations
 H - 3 chunks of flesh


   Skills:
 - Level 9.4 Dodging
 - Level 2.1 Stealth
 - Level 11.3 Spellcasting
 + Level 11.8 Conjurations
 - Level 8.4 Hexes
 - Level 8.0 Summonings
 * Level 13.8 Ice Magic


You had one spell level left.
You knew the following spells:

 Your Spells              Type           Power        Failure   Level  Hunger
a - Freeze                Ice            ####         1%          1    None
b - Throw Frost           Conj/Ice       ######       1%          2    None
c - Ozocubu's Armour      Chrm/Ice       #####...     1%          3    None
d - Condensation Shield   Ice            ######....   1%          4    ##.....
e - Throw Icicle          Conj/Ice       ######..     1%          4    ##.....
f - Summon Ice Beast      Ice/Summ       #####...     1%          4    ##.....
g - Bolt of Cold          Conj/Ice       ######....   8%          6    ######.
h - Summon Mana Viper     Hex/Summ       #####...     8%          5    ####...
i - Ensorcelled Hibernat  Hex/Ice        ######       1%          2    None


Dungeon Overview and Level Annotations

Branches:
Dungeon (1/1)

Altars:
Cheibriados
Dithmenos
Elyvilon
Fedhas
Gozag
Kikubaaqudgha
Makhleb
Nemelex Xobeh
Okawaru
Qazlal
Ru
Sif Muna
Trog
Vehumet
Xom
Yredelemnul
Zin
The Shining One
Beogh
Jiyva
Lugonu

Shops:
D :


Message History

Press: ? - help, Shift-Dir - straight line, f/p - orc knight
Aim: an orc knight, wielding a dire flail and wearing a plate armour (almost dead)
The shard of ice misses the orc knight.
The shard of ice hits the orc.
You kill the orc!
Use which ability? (? or * to list)
You channel some magical energy.
You are starving!
The orc knight hits you with a dire flail!
Use which ability? (? or * to list) You're too hungry.
Use which ability? (? or * to list) You're too hungry.
Eat one of 4 chunks of flesh? (ye/n/q/i?) This raw flesh tastes terrible.
You are feeling very hungry.
The orc knight hits you with a dire flail!
* * * LOW HITPOINT WARNING * * *
You continue eating.
The orc knight hits you with a dire flail!!
You die...

▓[▓)▓'▓.▓_▓
▓.▓.▓.▓.▓_▓
▓.▓[▓.▓.▓_▓
▓.▓.▓.▓.▓_▓
▓)▓.▓.▓.▓'▓
▓[▓.▓.▓.▓.▓
▓o▓)▓.▓.▓.▓
▓o▓.▓)▓.▓.▓
▓@▓.▓.▓.▓.▓
▓[▓.▓.▓.▓†▓
▓.▓.▓.▓.▓'▓
▓)▓.▓.▓.▓.▓
▓.▓.▓.▓.▓.▓
▓)▓.▓.▓.▓.▓
▓)▓.▓'▓.▓.▓
▓.▓.▓.▓.▓[▓
▓.▓.▓.▓.▓'▓


You could see an orc knight and an orc.

Vanquished Creatures
  An orc knight (D)
  2 spiny frogs (D)
  2 komodo dragons (D)
  2 trolls (D)
  A blink frog (D)
  A trapdoor spider (D)
  A boulder beetle (D)
  Eustachio (D)
  3 hippogriffs (D)
  6 wolves (D)
  2 hell hounds (D)
  13 orc warriors (D)
  An ice beast (D)
  A crocodile (D)
  3 giant frogs (D)
  A scorpion (D)
  A crimson imp (D)
  3 orc priests (D)
  3 orc wizards (D)
  2 adders (D)
  A river rat (D)
  A shadow imp (D)
  9 orcs (D)
  A giant cockroach (D)
  2 hobgoblins (D)
  A goblin (D)
  3 rats (D)
68 creatures vanquished.

Vanquished Creatures (collateral kills)
  An orc high priest (D)
  A hill giant (D)
  An orange demon (D)
  A yak (D)
  A wolf (D)
  2 giant frogs (D)
  An iguana (D)
  2 orc priests (D)
  An orc wizard (D)
  A sheep (D)
12 creatures vanquished.

Vanquished Creatures (others)
  2 mana vipers (D)
  20 ice beasts (D)
  2 fungi (D)
24 creatures vanquished.

Grand Total: 104 creatures vanquished

Notes
Turn   | Place    | Note
--------------------------------------------------------------
     0 | D        | BluebellGnoll, the Merfolk Ice Elementalist, began the quest for the Orb.
     0 | D        | Reached XP level 1. HP: 13/13 MP: 3/3
   283 | D        | Noticed a scorpion
   283 | D        | Noticed a crimson imp
   287 | D        | Killed a crimson imp
   287 | D        | Reached skill level 6 in Spellcasting
   287 | D        | Reached XP level 2. HP: 19/19 MP: 0/10
   287 | D        | Reached XP level 3. HP: 24/24 MP: 0/12
   292 | D        | Learned a level 2 spell: Throw Frost
   296 | D        | Learned a level 3 spell: Ozocubu's Armour
   400 | D        | Killed a scorpion
   400 | D        | Reached skill level 8 in Spellcasting
   400 | D        | Reached XP level 4. HP: 16/30 MP: 0/18
   426 | D        | Found a glowing silver altar of Zin.
   426 | D        | Found a glowing golden altar of the Shining One.
   426 | D        | Found an ancient bone altar of Kikubaaqudgha.
   426 | D        | Found a basalt altar of Yredelemnul.
   426 | D        | Found a shimmering altar of Xom.
   426 | D        | Found a radiant altar of Vehumet.
   426 | D        | Found an iron altar of Okawaru.
   427 | D        | Found a burning altar of Makhleb.
   428 | D        | Found a deep blue altar of Sif Muna.
   429 | D        | Found a bloodstained altar of Trog.
   430 | D        | Found a sparkling altar of Nemelex Xobeh.
   431 | D        | Found a white marble altar of Elyvilon.
   432 | D        | Found a roughly hewn altar of Beogh.
   433 | D        | Found a viscous altar of Jiyva.
   439 | D        | Learned a level 4 spell: Condensation Shield
   444 | D        | Learned a level 4 spell: Throw Icicle
   449 | D        | Learned a level 4 spell: Summon Ice Beast
   449 | D        | Found a corrupted altar of Lugonu.
   450 | D        | Found a blossoming altar of Fedhas.
   451 | D        | Found a snail-covered altar of Cheibriados.
   452 | D        | Became a worshipper of Sif Muna the Loreminder
   453 | D        | Found a shadowy altar of Dithmenos.
   454 | D        | Found a stormy altar of Qazlal.
   455 | D        | Found an opulent altar of Gozag.
   456 | D        | Found a sacrificial altar of Ru.
   581 | D        | Noticed a troll
   581 | D        | Noticed an ice beast
   581 | D        | Noticed an orc wizard
   582 | D        | Reached skill level 1 in Conjurations
   582 | D        | Killed an orc wizard
   582 | D        | Reached XP level 5. HP: 35/35 MP: 20/20
   586 | D        | Killed an ice beast
   586 | D        | Acquired Sif Muna's first power
   586 | D        | Acquired Sif Muna's second power
   586 | D        | Killed a troll
   586 | D        | Acquired Sif Muna's third power
   586 | D        | Reached skill level 5 in Conjurations
   586 | D        | Reached skill level 10 in Ice Magic
   586 | D        | Reached XP level 6. HP: 41/41 MP: 21/21
   586 | D        | Reached XP level 7. HP: 46/46 MP: 23/23
   593 | D        | Noticed a trapdoor spider
   597 | D        | Killed a trapdoor spider
   597 | D        | Reached skill level 11 in Ice Magic
   623 | D        | Noticed a giant frog
   623 | D        | Noticed a troll
   623 | D        | Noticed a yak
   623 | D        | Noticed a hippogriff
   623 | D        | Noticed a hill giant
   628 | D        | Killed a hill giant
   628 | D        | Received a gift from Sif Muna
   628 | D        | Reached skill level 12 in Ice Magic
   628 | D        | Reached XP level 8. HP: 52/52 MP: 20/25
   629 | D        | Identified Sif Muna's Easy Wizardry (Sif Muna gifted it to you in the Dungeon)
   638 | D        | Killed a hippogriff
   638 | D        | Reached skill level 10 in Spellcasting
   665 | D        | Killed a yak
   665 | D        | Reached skill level 13 in Ice Magic
   669 | D        | Killed a giant frog
   671 | D        | Killed a troll
   671 | D        | Received a gift from Sif Muna
   672 | D        | Identified Sif Muna's Handbook of Confrontation (Sif Muna gifted it to you in the Dungeon)
   952 | D        | Noticed a giant frog
   952 | D        | Noticed a blink frog
   952 | D        | Noticed an iguana
   952 | D        | Noticed a wolf
   952 | D        | Noticed a spiny frog
   952 | D        | Noticed a spiny frog
   960 | D        | Killed a spiny frog
   960 | D        | Reached skill level 5 in Dodging
   960 | D        | Reached XP level 9. HP: 57/57 MP: 17/28
   979 | D        | Killed a spiny frog
  1064 | D        | Killed a wolf
  1066 | D        | Killed an iguana
  1079 | D        | Killed a giant frog
  1095 | D        | Killed a blink frog
  1095 | D        | Received a gift from Sif Muna
  1106 | D        | Noticed a hippogriff
  1107 | D        | Noticed a hippogriff
  1223 | D        | Killed a hippogriff
  1252 | D        | Killed a hippogriff
  1252 | D        | Reached skill level 10 in Conjurations
  1288 | D        | Noticed a crocodile
  1288 | D        | Noticed a giant frog
  1288 | D        | Noticed a giant frog
  1288 | D        | Noticed a komodo dragon
  1288 | D        | Noticed a giant frog
  1291 | D        | Killed a giant frog
  1293 | D        | Noticed a komodo dragon
  1296 | D        | Noticed a boulder beetle
  1304 | D        | Killed a komodo dragon
  1316 | D        | Killed a giant frog
  1334 | D        | Killed a giant frog
  1417 | D        | Killed a crocodile
  1432 | D        | Killed a komodo dragon
  1432 | D        | Reached XP level 10. HP: 63/63 MP: 5/29
  1566 | D        | Learned a level 2 spell: Ensorcelled Hibernation
  1914 | D        | Killed a boulder beetle
  1914 | D        | Received a gift from Sif Muna
  2032 | D        | Noticed a hell hound
  2032 | D        | Noticed a wolf
  2032 | D        | Noticed a wolf
  2032 | D        | Noticed a wolf
  2033 | D        | Noticed a hell hound
  2037 | D        | Noticed a wolf
  2038 | D        | Noticed a wolf
  2042 | D        | Killed a hell hound
  2042 | D        | Reached skill level 1 in Hexes
  2042 | D        | Reached skill level 1 in Summonings
  2043 | D        | Killed a wolf
  2167 | D        | Killed a hell hound
  2242 | D        | Killed a wolf
  2252 | D        | Killed a wolf
  2277 | D        | Killed a wolf
  2282 | D        | Killed a wolf
  2283 | D        | Noticed a wolf
  2284 | D        | Killed a wolf
  2284 | D        | Reached skill level 5 in Hexes
  2284 | D        | Reached skill level 5 in Summonings
  2367 | D        | Noticed Eustachio
  2371 | D        | Killed Eustachio
  2420 | D        | Noticed an orc wizard
  2420 | D        | Noticed an orc priest
  2420 | D        | Noticed an orc wizard
  2420 | D        | Noticed an orc priest
  2420 | D        | Noticed an orc priest
  2420 | D        | Noticed an orc wizard
  2421 | D        | Killed an orc wizard
  2421 | D        | Received a gift from Sif Muna
  2421 | D        | Killed an orc priest
  2421 | D        | Killed an orc priest
  2424 | D        | Noticed an orc priest
  2426 | D        | Noticed an orc priest
  2426 | D        | Killed an orc wizard
  2428 | D        | Noticed an orc warrior
  2429 | D        | Killed an orc priest
  2438 | D        | Killed an orc priest
  2440 | D        | Noticed an orc warrior
  2441 | D        | Killed an orc wizard
  2444 | D        | Killed an orc warrior
  2447 | D        | Killed an orc priest
  2487 | D        | Killed an orc warrior
  2732 | D        | Noticed an orc high priest
  2732 | D        | Noticed an orc warrior
  2732 | D        | Noticed an orc warrior
  2732 | D        | Noticed an orc warrior
  2732 | D        | Noticed an orc warrior
  2732 | D        | Noticed an orc warrior
  2732 | D        | Noticed an orc warrior
  2755 | D        | Killed an orc warrior
  2757 | D        | Killed an orc warrior
  2790 | D        | Upgraded the game from 0.16-a0-3219-g20c30b8 to 0.16-a0-3246-g12054e0
  2792 | D        | Killed an orc warrior
  2799 | D        | Killed an orc warrior
  2851 | D        | Learned a level 5 spell: Summon Mana Viper
  2857 | D        | Killed an orc warrior
  2869 | D        | Killed an orc warrior
  2876 | D        | Noticed an orc warrior
  2879 | D        | Noticed a sun demon
  2893 | D        | Killed an orc high priest
  2897 | D        | Noticed an orc warrior
  2935 | D        | Killed an orc warrior
  2938 | D        | Killed an orc warrior
  3060 | D        | Noticed an orc warrior
  3062 | D        | Killed an orc warrior
  3062 | D        | Received a gift from Sif Muna
  3063 | D        | Identified Sif Muna's Reference Book on Harmful Snow (Sif Muna gifted it to you in the Dungeon)
  3071 | D        | Noticed an orc warrior
  3075 | D        | Killed an orc warrior
  3082 | D        | Noticed an orc warrior
  3086 | D        | Killed an orc warrior
  3135 | D        | Learned a level 6 spell: Bolt of Cold
  3148 | D        | Found Sajafac's Book Boutique.
  3148 | D        | Noticed an orc knight
  3148 | D        | Noticed an orc knight
  3156 | D        | Killed an orc knight
  3156 | D        | Reached XP level 11. HP: 32/68 MP: 2/30
  3191 | D        | Demolished by an orc knight

Action                   |  1- 3 |  4- 6 |  7- 9 | 10-12 || total
-------------------------+-------+-------+-------+-------++-------
Melee: Unarmed           |    18 |       |       |       ||    18
       Halberd           |       |       |    15 |     1 ||    16
 Cast: Freeze            |    14 |     3 |    19 |     7 ||    43
       Ozocubu's Armour  |     1 |       |     2 |     3 ||     6
       Throw Icicle      |       |       |    29 |    69 ||    98
       Summon Ice Beast  |       |       |    10 |    11 ||    21
       Condensation Shie |       |       |     3 |     3 ||     6
       Throw Frost       |       |       |     1 |     5 ||     6
       Ensorcelled Hiber |       |       |       |     5 ||     5
       Summon Mana Viper |       |       |       |     3 ||     3
       Bolt of Cold      |       |       |       |     3 ||     3
Invok: Channel Energy    |       |       |    36 |   110 ||   146
Evoke: Wand              |       |     3 |     4 |     1 ||     8
  Use: Potion            |     1 |     1 |       |       ||     2
       Scroll            |       |       |     1 |       ||     1
 Stab: Distracted        |       |       |     1 |       ||     1
       Sleeping          |       |       |     1 |       ||     1
  Eat: Chunk             |       |       |    10 |    22 ||    32
       Bread ration      |       |       |       |     1 ||     1
